 Dungeon Crawl Stone Soup version 0.31.0-11-ge490571c62 (webtiles) character file.

Game seed: 15361812343749358194

6235 mainiacjoe the Reanimator (level 10, -6/64 HPs)
             Began as a Deep Elf Necromancer on Jan 26, 2024.
             Mangled by a hornet (8 damage)
             ... on level 9 of the Dungeon.
             The game lasted 00:36:15 (9396 turns).

mainiacjoe the Reanimator (Deep Elf Necromancer)    Turns: 9396, Time: 00:36:16

Health: -6/64      AC: 11    Str:  5    XL:     10   Next: 62%
Magic:  0/16       EV: 16    Int: 25    God:
Gold:   63         SH:  0    Dex: 15    Spells: 7/15 levels left

rFire   + . .        b - +3 arbalest (flame)
rCold   . . .        (shield currently unavailable)
rNeg    . . .        p - +2 robe {Will+}
rPois   .            D - +1 helmet
rElec   .            q - +1 cloak
rCorr   .            H - +0 pair of gloves
SInv    .            G - +1 pair of boots
Will    ++...        i - amulet of guardian spirit
Stlth   ++           n - ring of protection from fire
HPRegen 0.30/turn    (no ring)
MPRegen 0.15/turn

%: guardian spirit
@: lethally poisoned (-6 -> -11), slowed, very slow
A: no striking features
a: no special abilities


You were on level 9 of the Dungeon.
You visited 2 branches of the dungeon, and saw 10 of its levels.

You collected 477 gold pieces.
You spent 414 gold pieces at shops.

Inventory:

Hand Weapons
 a - a +2 dagger of speed
 b - a +3 arbalest of flaming (weapon)
 c - a +0 hand axe
 x - a +1 sling of draining
 B - a +0 short sword
 N - a +4 dire flail
 O - a +5 short sword
Missiles
 e - 62 stones
 f - 7 boomerangs
 A - 31 poisoned darts
 P - 5 throwing nets {=F}
Armour
 d - a +0 robe
 p - a +2 robe of willpower (worn)
 q - a +1 cloak (worn)
 D - a +1 helmet (worn)
 G - a +1 pair of boots (worn)
 H - a +0 pair of gloves (worn)
 L - a +0 leather armour of poison resistance
 M - a +1 robe of fire resistance
Magical Staves
 K - the staff of Kismet {rElec rF++ SInv Air Earth}
   (You found it on level 8 of the Dungeon)

   [staff of air]

   Base accuracy: +5 Base damage: 5 Base attack delay: 1.2 This weapon's minimum
   attack delay (0.6) is reached at skill level 12.
   rF++:      It greatly protects you from fire.
   rElec:     It insulates you from electricity.
   SInv:      It lets you see invisible.
   Air:       It increases the power of your Air spells.
   Earth:     It increases the power of your Earth spells.
   It falls into the 'Staves' category.
   It is a one-handed weapon.
Jewellery
 i - an amulet of guardian spirit (around neck)
 n - a ring of protection from fire (left hand)
 u - a ring of ice
 y - an amulet of the acrobat
Wands
 h - a wand of iceblast (12)
 k - a wand of polymorph (12)
 F - a wand of flame (8)
 I - a wand of mindburst (14)
 Q - a wand of paralysis (7)
Scrolls
 j - 2 scrolls of immolation
 r - 4 scrolls of teleportation
 s - a scroll of blinking
 z - 3 scrolls of identify
 C - 2 scrolls of silence
 E - a scroll of revelation
 J - a scroll of amnesia {unknown}
Potions
 g - a potion of magic
 l - 3 potions of curing
 m - a potion of ambrosia
 o - 3 potions of invisibility
 t - 2 potions of cancellation
 w - 2 potions of resistance


   Skills:
 * Level 8.3 Fighting
 - Level 10.0 Ranged Weapons
 + Level 8.9 Dodging
 - Level 2.4 Stealth
 - Level 3.0 Spellcasting
 - Level 10.0 Necromancy


You had 7 spell levels left.
You knew the following spells:

 Your Spells              Type           Power      Damage    Failure   Level
a - Necrotise             Necr           100%       1d9       1%          1
b - Vampiric Draining     Necr           52%        2d9       1%          3
s - Animate Dead          Necr           52%        N/A       1%          4

Your spell library contained the following spells:

 Spells                   Type           Power      Damage    Failure   Level
 Sublimation of Blood     Necr           52%        N/A       1%          2
 Curse of Agony           Necr           52%        N/A       4%          5
 Apportation              Tloc           6%         N/A       10%         1
 Sting                    Conj/Alch      12%        1d3       10%         1
 Summon Small Mammal      Summ           12%        N/A       10%         1
 Jinxbite                 Hex            6%         N/A       16%         2
 Scorch                   Fire           6%         2d5       16%         2
 Flame Wave               Conj/Fire      3%         2d5       69%         4
 Petrify                  Alch/Erth      3%         N/A       69%         4
 Alistair's Intoxication  Alch           2%         N/A       95%         5
 Irradiate                Conj/Alch      1%         3d12      95%         5
 Summon Cactus Giant      Summ           1%         N/A       100%        6


Dungeon Overview and Level Annotations

Branches:
Dungeon (9/15)             Temple (1/1) D:7
   Lair: D:8-11         Orc: D:9-12

Altars:
Dithmenos
Elyvilon
Fedhas
Gozag
Hepliaklqana
Makhleb
Nemelex Xobeh
Okawaru
Qazlal
Ru
Sif Muna
Trog
Uskayaw
Vehumet
Wu Jian
Xom
Yredelemnul
Zin
The Shining One

Shops:
D:4 ??[:   D:7 [

Annotations:
D:7 exclusion: downstairs
D:8 Erica


Message History

Aiming: Vampiric Draining (safe; 1% risk of failure)
Press: ? - help, Shift-Dir - straight line, f/p - hornet
Aim: a hornet (moderately wounded)
You draw life force from the hornet.
You feel life coursing into your body. The hornet stings you.
You feel as though you will be slow longer.
The hornet closely misses you.
Casting: Vampiric Draining (safe; 1% risk of failure)
Confirm with . or Enter, or press ? or * to list all spells.
You don't have enough magic to cast this spell.
Unknown command.
Magic courses through your body. The hornet stings you.
You are poisoned.
You suddenly lose the ability to move!
The hornet stings you!
* * * LOW HITPOINT WARNING * * *
You feel as though you will be slow longer.
* * * LOW HITPOINT WARNING * * *
You feel very sick. The hornet stings you.
* * * LOW HITPOINT WARNING * * *
You feel as though you will be slow longer.
The hornet stings you!
* * * LOW HITPOINT WARNING * * *
You feel as though you will be slow longer.
You can move again.
Casting: Vampiric Draining (safe; 1% risk of failure)
Confirm with . or Enter, or press ? or * to list all spells.
Aiming: Vampiric Draining (safe; 1% risk of failure)
Press: ? - help, Shift-Dir - straight line, f/p - hornet
Aim: a hornet (heavily wounded)
You draw life force from the hornet.
You feel life coursing into your body.
* * * LOW HITPOINT WARNING * * *
You feel very sick. The hornet misses you. The hornet closely misses you.
Casting: Vampiric Draining (safe; 1% risk of failure)
Confirm with . or Enter, or press ? or * to list all spells.
You don't have enough magic to cast this spell.
* * * LOW HITPOINT WARNING * * *
You feel sick. The hornet stings you!
You die...

............#
...........$#
..$.../.....#
...........)#
............#
....!...W...#
########'#### #.y#
############@##
#####.............#
.##.'...........[.#
.##)#.............#
))).#........>....#
.####.............#
.# #.............#
## ############'##
#..#


You could see a hornet and a wraith.

Vanquished Creatures
  Harold (D:9)
  A hornet (D:9)
  11 yaks (D:9)
  A steam dragon (D:8)
  3 water moccasins
  3 orc warriors
  A sky beast (D:7)
  An ice beast (D:5)
  An ogre (D:5)
  A black bear (D:7)
  A centaur (D:9)
  A phantom (D:4)
  2 kobold brigands (D:6)
  A bullfrog (D:7)
  2 scorpions
  16 wights
  6 killer bees (D:8)
  4 howler monkeys
  A bombardier beetle (D:6)
  A jelly (D:7)
  4 hounds
  7 orc priests
  A sleepcap (D:5)
  2 iguanas (D:6)
  4 orc wizards
  4 gnolls
  13 adders
  A shadow imp (D:7)
  3 white imps
  2 ribbon worms (D:2)
  2 dart slugs
  28 orcs
  4 ball pythons
  6 endoplasms
  7 giant cockroaches
  4 goblins
  6 hobgoblins
  10 kobolds
  3 quokkas
  5 bats
  2 frilled lizards (D:3)
  3 rats
180 creatures vanquished.

Vanquished Creatures (collateral kills)
  Menkaure (D:7)
  2 wights (D:8)
  A howler monkey (D:7)
  A ribbon worm (D:4)
  4 orcs
  A ball python (D:2)
  4 kobolds (D:6)
14 creatures vanquished.

Vanquished Creatures (others)
  2 water moccasin zombies
  2 yak zombies (D:9)
  A black bear zombie (D:7)
  A hound zombie (D:7)
  2 howler monkey zombies (D:7)
  A steam dragon zombie (D:8)
  3 gnoll zombies (D:5)
  4 kobold zombies (D:6)
  7 orc zombies
23 creatures vanquished.

Grand Total: 217 creatures vanquished

Notes
Turn   | Place    | Note
-------+----------+-------------------------------------------
     0 | D:1      | mainiacjoe the Deep Elf Necromancer began the quest for the
                  | Orb.
     0 | D:1      | Reached XP level 1. HP: 10/10 MP: 6/6
    35 | D:1      | Reached skill level 5 in Necromancy
   240 | D:1      | Reached XP level 2. HP: 12/15 MP: 4/8
  1295 | D:2      | Reached XP level 3. HP: 19/19 MP: 6/9
  1299 | D:2      | Learned a level 3 spell: Vampiric Draining
  1837 | D:3      | Found a faded altar of an unknown god.
  2038 | D:3      | Reached XP level 4. HP: 24/24 MP: 7/10
  2201 | D:3      | Found a sparkling altar of Nemelex Xobeh.
  2265 | D:3      | Reached XP level 5. HP: 28/28 MP: 6/11
  2317 | D:3      | Learned a level 4 spell: Animate Dead
  2774 | D:4      | Found a shimmering blue altar of Sif Muna.
  2853 | D:4      | Found Nunux's Book Shop.
  2859 | D:4      | Upgraded the game from 0.31.0-10-gcf4a605ca0 to
                  | 0.31.0-11-ge490571c62
  2900 | D:4      | Noticed a phantom
  2923 | D:4      | Killed a phantom
  2924 | D:4      | Reached XP level 6. HP: 8/32 MP: 2/12
  3206 | D:4      | Found Tuewutakay's Magic Scroll Shop.
  3216 | D:4      | Bought a scroll of teleportation for 39 gold pieces
  3216 | D:4      | Bought a scroll of identify for 26 gold pieces
  3216 | D:4      | Bought a scroll of teleportation for 39 gold pieces
  3216 | D:4      | Bought a scroll of identify for 26 gold pieces
  3512 | D:4      | Found Ywokhl Bida's Antique Armour Shop.
  3638 | D:4      | Found Gimi's Magic Scroll Shop.
  3773 | D:5      | Entered Level 5 of the Dungeon
  3859 | D:4      | Bought a scroll of identify for 28 gold pieces
  3919 | D:5      | Noticed an ice beast
  3924 | D:5      | Killed an ice beast
  4100 | D:4      | Bought a scroll of identify for 28 gold pieces
  4173 | D:5      | Reached skill level 10 in Necromancy
  4220 | D:5      | Reached skill level 1 in Ranged Weapons
  4226 | D:5      | Reached XP level 7. HP: 36/36 MP: 7/13
  4745 | D:4      | Bought a scroll of identify for 28 gold pieces
  4923 | D:6      | Reached skill level 5 in Ranged Weapons
  5122 | D:6      | HP: 2/54 [adder (2)]
  5342 | D:6      | Reached XP level 8. HP: 39/41 MP: 12/14
  5720 | D:4      | Bought a pair of boots for 103 gold pieces
  6221 | D:7      | Noticed Menkaure
  6228 | D:7      | Killed Menkaure
  6229 | D:7      | Reached skill level 10 in Ranged Weapons
  6229 | D:7      | Reached skill level 1 in Fighting
  6543 | D:7      | Found a staircase to the Ecumenical Temple.
  6549 | Temple   | Entered the Ecumenical Temple
  6648 | D:7      | Noticed a rust devil
  6648 | D:7      | Noticed a rust devil
  6651 | D:7      | Identified the +8 chain mail of Fecajuas {rC+ Str+4}
  6784 | D:7      | Reached XP level 9. HP: 12/50 MP: 1/15
  7353 | D:4      | Bought a scroll of enchant weapon for 97 gold pieces
  7546 | D:7      | Found Nipn's Antique Armour Boutique.
  7647 | D:8      | Identified the staff of Kismet {rElec rF++ SInv Air Earth}
  7703 | D:8      | Reached skill level 5 in Dodging
  8058 | D:8      | Reached skill level 5 in Fighting
  8362 | D:8      | Found a blossoming altar of Fedhas.
  8362 | D:8      | Noticed Erica
  8530 | D:8      | Found a basalt altar of Yredelemnul.
  8533 | D:8      | Found an opulent altar of Gozag.
  8703 | D:9      | Noticed Harold
  8714 | D:9      | Killed Harold
  8715 | D:9      | Reached XP level 10. HP: 39/61 MP: 3/16
  8842 | D:9      | Found an iron altar of Okawaru.
  9388 | D:9      | Paralysed by a hornet for 1 turns
  9393 | D:9      | Paralysed by a hornet for 2 turns
  9396 | D:9      | HP: 2/64 [poisoned by a hornet]
  9396 | D:9      | Mangled by a hornet

Illustrated notes

Levels and vault maps discovered:
D:1:      wheals_arrival_linesprint, layout_basic
D:2:      layout_basic
D:3:      layout_basic, mainiacjoe_overflow_24_doors,
          nicolae_ecumenical_pavilion
D:4:      minmay_general_purpose_star, layout_loops_cross,
          mainiacjoe_overflow_small_starburst, serial_shops,
          nicolae_shop_rolled_up, shop, nicolae_shop_tiny_statue_garden, shop
D:5:      layout_rooms
D:6:      layout_basic, minmay_misc_feat_plants
D:7:      cheibrodos_iron_armory, layout_loops_ring,
          minmay_temple_entry_nine_rooms, serial_shops,
          nicolae_shop_tiny_real_fake_doors, uniq_menkaure
D:8:      layout_basic, fedhas_altar_1, jmf_multi_god_temple2, uniq_erica
D:9:      layout_roguey, kennysheep_vampire_church, grunt_temple_overflow_open,
          ashenzari_altar_1, uniq_harold
Temple:   nicolae_temple_ecumenical_triangle

Skill      XL: |  1  2  3  4  5  6  7  8  9 10 |
---------------+-------------------------------+-----
Necromancy     | 5 6 7 9 10 | 10.0
Ranged Weapons | 1 7 10 | 10.0
Fighting       | 3 6 8 |  8.3
Dodging        | 4 7 8 |  8.9
Stealth        | |  2.4
Spellcasting   | |  3.0

Action                     |  1- 3 |  4- 6 |  7- 9 | 10-12 || total
---------------------------+-------+-------+-------+-------++-------
  Melee: Short sword       |     7 |    20 |       |       ||    27
         Dagger            |       |       |    17 |       ||    17
   Fire: Sling             |    15 |    63 |   226 |       ||   304
         Arbalest          |       |       |   116 |    95 ||   211
  Throw: Boomerang         |       |     1 |       |       ||     1
   Cast: Necrotise         |    60 |    42 |    15 |       ||   117
         Vampiric Draining |       |     4 |    11 |     3 ||    18
         Animate Dead      |       |     1 |     8 |     1 ||    10
  Evoke: Wand              |       |       |       |     2 ||     2
    Use: Scroll            |     9 |     5 |    10 |     3 ||    27
         Potion            |       |     1 |     2 |     4 ||     7
 Armour: Robe              |    14 |    34 |   117 |    31 ||   196
         Leather armour    |       |       |    34 |    40 ||    74
  Dodge: Dodged            |    14 |    26 |   162 |    73 ||   275
